 Dungeon Crawl Stone Soup version 0.16-a0-4097-gb4d75fa (webtiles) character file.

40 Yuof the Caller (level 3, 0/24 HPs)
             Began as a Vampire Summoner on Feb 25, 2015.
             Slain by a ball python (1 damage)
             ... on level 2 of the Dungeon.
             The game lasted 00:09:12 (1677 turns).

Yuof the Caller (Vampire Summoner)                  Turns: 1677, Time: 00:09:13

Health: 0/24       AC:  2    Str:  8    XL:     3   Next: 30%
Magic:  3/6        EV: 13    Int: 17    God:
Gold:   57         SH:  0    Dex: 17    Spells: 1 memorised, 5 levels left

rFire  . . .     SeeInvis +     h - +0 dagger
rCold  + . .     Clarity  .     o - +0 robe
rNeg   + + .     SustAb   .     (no shield)
rPois  +         Gourm    .     (no helmet)
rElec  .         Spirit   .     (no cloak)
rCorr  .         Warding  .     (no gloves)
rMut   .         Stasis   .     (no boots)
MR     .....                    (no amulet)
Stlth  +++.......               m - +3 ring of dexterity
                                j - ring of flight

@: regenerating slowly, constricted, not resistant to hostile enchantments,
fairly stealthy
A: bottle blood, fangs 3, see invisible, unbreathing
a: Bat Form, Evoke Flight


You were on level 2 of the Dungeon.
You were thirsty.

You visited 1 branch of the dungeon, and saw 2 of its levels.

You collected 57 gold pieces.

Inventory:

Hand weapons
 e - a +0 dagger
 h - a +0 dagger (weapon)
Missiles
 n - 17 stones (quivered)
Armour
 a - a +0 robe
 o - a +0 robe (worn)
Jewellery
 j - a ring of flight (left hand)
 m - a +3 ring of dexterity (right hand)
Scrolls
 d - a scroll of random uselessness {unknown}
 f - 2 scrolls of identify {unknown}
 k - a scroll of immolation {unknown}
 l - a scroll of teleportation {unknown}
Potions
 c - 2 potions of blood
Books
 b - a book of Callings

   Spells                             Type                      Level
   a - Summon Small Mammal            Summoning                    1
   b - Call Imp                       Summoning                    2
   c - Call Canine Familiar           Summoning                    3
   d - Summon Guardian Golem          Hexes/Summoning              4
   e - Summon Lightning Spire         Summoning/Air                4
   f - Summon Ice Beast               Ice/Summoning                4


   Skills:
 - Level 2.1 Dodging
 - Level 4.0 Stealth
 - Level 2.0 Spellcasting
 * Level 4.8 Summonings


You had 5 spell levels left.
You knew the following spells:

 Your Spells              Type           Power        Failure   Level  Hunger
a - Summon Small Mammal   Summ           ###.         2%          1    #......


Dungeon Overview and Level Annotations

Branches:
Dungeon (2/15)

Altars:
Makhleb


Innate Abilities, Weirdness & Mutations

You heal slowly.
You can bottle blood from corpses.
You have razor-sharp teeth.
You have supernaturally acute eyesight.
You can survive without breathing.


Message History

The goblin shouts!
A ball python comes into view.
You hit the goblin.
The goblin is heavily wounded.
The goblin hits you.
Casting: Summon Small Mammal
Confirm with . or Enter, or press ? or * to list all spells.
The goblin barely misses you.
Casting: Summon Small Mammal
Confirm with . or Enter, or press ? or * to list all spells.
The goblin hits you.
* * * LOW HITPOINT WARNING * * *
Casting: Summon Small Mammal
Confirm with . or Enter, or press ? or * to list all spells.
Your bat misses the goblin. The goblin hits you.
* * * LOW HITPOINT WARNING * * *
The ball python bites you.
* * * LOW HITPOINT WARNING * * *
The ball python grabs you.
You die...

. #. .r .. ###### #.# #.
. .....####.###.# ..#
..........##.##....
####...)........#....
#.##..r.....#...##<.....
......%S.b...#.#.........
#..rg@............$...
#..%.####....†....##.....
. ...............<#...#.
.........#..#.##...#
..........#....# ._..
..........?...# #∩#.
....#####..##.# ...
#..##.. ##......


You could see a goblin, a ball python, 2 friendly quokkas and a friendly bat.

Vanquished Creatures
  A giant mite (D:1)
  A ball python (D:1)
  3 bats (D:1)
  A giant cockroach (D:1)
  3 hobgoblins (D:1)
  A giant gecko (D:1)
  4 giant newts (D:1)
  2 goblins (D:1)
  4 kobolds
  4 rats (D:1)
24 creatures vanquished.

Vanquished Creatures (collateral kills)
  A giant gecko (D:1)
  2 oozes (D:1)
  A goblin (D:1)
  4 hobgoblins (D:1)
  4 jackals (D:1)
  A bat (D:1)
  A giant newt (D:1)
  A kobold (D:1)
15 creatures vanquished.

Vanquished Creatures (others)
  5 bats (D:1)
  4 quokkas (D:1)
  2 rats (D:1)
11 creatures vanquished.

Grand Total: 50 creatures vanquished

Notes
Turn   | Place    | Note
--------------------------------------------------------------
     0 | D:1      | Yuof, the Vampire Summoner, began the quest for the Orb.
     0 | D:1      | Reached XP level 1. HP: 13/13 MP: 3/3
   156 | D:1      | Reached XP level 2. HP: 19/19 MP: 1/4
   793 | D:1      | Reached XP level 3. HP: 11/24 MP: 1/6
  1402 | D:2      | Found a burning altar of Makhleb.
  1483 | D:1      | HP: 1/24 [hound (2)]
  1677 | D:2      | HP: 1/24 [ball python (2)]
  1677 | D:2      | Slain by a ball python

Action                   || total
-------------------------++-------
Melee: Dagger            ||    77
       Unarmed           ||     2
 Cast: Summon Small Mamm ||    39
  Use: Potion            ||     3
 Stab: Sleeping          ||     1
       Distracted        ||     1
